 Dungeon Crawl Stone Soup version 0.21-a0-401-g0b6bec4 (webtiles) character file.

336 Drevant the Firebug (level 6, -7/45 HPs)
             Began as a Draconian Fire Elementalist on Oct 22, 2017.
             Was a Priest of Jiyva.
             Shot with an arrow by a centaur (11 damage)
             ... on level 5 of the Dungeon.
             The game lasted 00:10:35 (5148 turns).

Drevant the Firebug (Draconian Fire Elementalist)   Turns: 5148, Time: 00:10:36

Health: -7/45      AC:  6    Str: 10    XL:     6   Next: 28%
Magic:  6/9        EV: 19    Int: 18    God:    Jiyva [***...]
Gold:   72         SH:  0    Dex: 16    Spells: 2/10 levels left

rFire    . . .     SeeInvis .   h - +1 whip (flame)
rCold    . . .     Gourm    .   (no shield)
rNeg     . . .     Faith    .   (armour unavailable)
rPois    .         Spirit   .   (helmet restricted)
rElec    .         Reflect  .   (no cloak)
rCorr    +         Harm     .   (no gloves)
MR       .....                  (no boots)
Stlth    +++.......             (no amulet)
HPRegen  0.15/turn              f - ring of flight
MPRegen  0.11/turn              (no ring)

@: agile
A: unfitting armour, cold-blooded, AC +6
a: Request Jelly, Renounce Religion, Evoke Flight


You were on level 5 of the Dungeon.
You worshipped Jiyva.
Jiyva was most pleased with you.
You were not hungry.

You visited 1 branch of the dungeon, and saw 5 of its levels.

You collected 220 gold pieces.
You spent 148 gold pieces at shops.

Inventory:

Hand Weapons
 e - a +0 dagger
 h - a +1 whip of flaming (weapon)
Missiles
 m - 3 javelins (quivered)
Jewellery
 f - a ring of flight (left hand)
 l - an uncursed ring of resist corrosion
Wands
 c - a wand of digging (16/24)
 o - a wand of clouds (1/9)
Scrolls
 d - 2 scrolls of identify
 i - a scroll of enchant armour
 j - a scroll of remove curse
Potions
 g - a potion of flight
Books
 a - a book of Flames

   Spells                             Type                      Level
   a - Flame Tongue                   Conjuration/Fire             1
   b - Throw Flame                    Conjuration/Fire             2
   c - Conjure Flame                  Conjuration/Fire             3
   d - Inner Flame                    Hexes/Fire                   3
   e - Sticky Flame                   Conjuration/Fire             4
   f - Fireball                       Conjuration/Fire             5
 q - a book of Misfortune

   Spells                             Type                      Level
   a - Confusing Touch                Hexes                        1
   b - Confuse                        Hexes                        3
   c - Gell's Gravitas                Translocation                3
   d - Petrify                        Transmutation/Earth          4
   e - Metabolic Englaciation         Hexes/Ice                    5
   f - Yara's Violent Unravelling     Hexes/Transmutation          5
Comestibles
 b - a bread ration


   Skills:
 + Level 3.2 Dodging
 - Level 1.7 Stealth
 - Level 2.5 Spellcasting
 + Level 3.1 Conjurations
 * Level 5.3 Fire Magic


You had 2 spell levels left.
You knew the following spells:

 Your Spells              Type           Power        Failure   Level  Hunger
a - Flame Tongue          Conj/Fire      ###..        3%          1    #......
b - Conjure Flame         Conj/Fire      ###.....     9%          3    ###....
c - Sticky Flame          Conj/Fire      ###.....     30%         4    #####..


Dungeon Overview and Level Annotations

Branches:
Dungeon (5/15)             Temple (0/1) D:4

Altars:
Elyvilon
Makhleb
Nemelex Xobeh
Qazlal
Vehumet
Yredelemnul
Jiyva

Shops:
D:4 *


Innate Abilities, Weirdness & Mutations

Your plain brown scales are hard. (AC +6)
You cannot fit into any form of body armour.
You are cold-blooded and may be slowed by cold attacks.


Message History

The centaur hits you but does no damage.
The gnoll hits you from afar with an enchanted spear.
* * * LOW HITPOINT WARNING * * *
Okay, then.
As you read the scroll labeled HUBEPL IQUSHREO, it crumbles to dust.
The creatures around you are filled with an inner flame!
It was a scroll of immolation.
The centaur hits you.
* * * LOW HITPOINT WARNING * * *
The centaur completely misses you. The gnoll hits you but does no damage.
As you read the scroll labeled HEDIDIMPUA, it crumbles to dust.
The scroll dissolves into smoke.
It was a scroll of fog.
The centaur closely misses you. The gnoll hits you but does no damage.
The centaur wields an uncursed shortbow.
The centaur shoots an arrow.
The arrow misses you.
You see here an arrow.
The centaur shoots an arrow.
The arrow hits you.
* * * LOW HITPOINT WARNING * * *
You see here an arrow.
The centaur shoots an arrow.
The arrow hits you!
You die...

##.##
##..<##
##.###.#
#.<# #.#
#..###.#
#.#...##
#(#####
#§# #@#
#§# #c#
#§# #§#
#§g§g....
#########


You could see a centaur (inner flame).

Vanquished Creatures
  An ogre (D:4)
  A crimson imp (D:3)
  An orc priest (D:4)
  A worker ant (D:4)
  5 adders
  2 gnolls
  A worm (D:2)
  3 dart slugs
  A leopard gecko (D:3)
  6 orcs (D:3)
  A ball python (D:1)
  6 bats
  A giant cockroach (D:2)
  5 goblins
  4 hobgoblins
  8 jackals
  8 kobolds
  3 frilled lizards
  A quokka zombie (D:5)
  11 rats
70 creatures vanquished.

Vanquished Creatures (others)
  An ogre (D:4)
  A scorpion (D:4)
  3 jellies (D:4)
  2 orc wizards
  2 orcs
  A hobgoblin (D:3)
  2 jackals (D:4)
  A frilled lizard (D:2)
  2 gnoll zombies (D:4)
15 creatures vanquished.

Grand Total: 85 creatures vanquished

Notes
Turn   | Place    | Note
-------+----------+-------------------------------------------
     0 | D:1      | Drevant the Draconian Fire Elementalist began the quest for the Orb.
     0 | D:1      | Reached XP level 1. HP: 14/14 MP: 3/3
   140 | D:1      | Reached XP level 2. HP: 12/20 MP: 0/5
   899 | D:2      | Reached XP level 3. HP: 26/26 MP: 3/6
   904 | D:2      | Learned a level 3 spell: Conjure Flame
  1626 | D:2      | Found a white marble altar of Elyvilon.
  1720 | D:2      | Reached XP level 4. HP: 21/33 MP: 2/7
  1903 | D:2      | Learned a level 4 spell: Sticky Flame
  2186 | D:3      | Reached skill level 4 in Fire Magic
  2209 | D:3      | Found a faded altar of an unknown god.
  2248 | D:3      | Became a worshipper of Jiyva Jyeher the Shapeless
  2248 | D:3      | Reached * piety under Jiyva
  2688 | D:3      | Found a radiant altar of Vehumet.
  2689 | D:3      | Found a burning altar of Makhleb.
  2810 | D:3      | Reached XP level 5. HP: 30/38 MP: 8/8
  2925 | D:4      | Noticed an ogre
  2941 | D:4      | Killed an ogre
  3074 | D:4      | Found a stormy altar of Qazlal.
  3870 | D:3      | Reached skill level 5 in Fire Magic
  4054 | D:4      | Reached XP level 6. HP: 14/45 MP: 9/9
  4062 | D:4      | Reached ** piety under Jiyva
  4334 | D:4      | Found a sparkling altar of Nemelex Xobeh.
  4415 | D:4      | Found a staircase to the Ecumenical Temple.
  4426 | D:4      | Reached *** piety under Jiyva
  4718 | D:4      | Found a basalt altar of Yredelemnul.
  4968 | D:4      | Found Moocogaf's General Store.
  5102 | D:4      | Bought a scroll of enchant armour for 82 gold pieces
  5102 | D:4      | Bought a potion of agility for 44 gold pieces
  5102 | D:4      | Bought a scroll of identify for 22 gold pieces
  5119 | D:5      | Entered Level 5 of the Dungeon
  5148 | D:5      | Shot with an arrow by a centaur

Vault maps used:
D:1:      eino_arrival_water_cross, bh_walls_and_bars
D:2:      elyvilon_altar_4, first_bread
D:3:      grunt_temple_overflow_lords_of_destruction,
          chequers_ecumenical_altar_simple
D:4:      lemuel_zombie_altar_yredelemnul, grunt_qazlal_clouds,
          nemelex_xobeh_ov_fountains_minmay, minmay_temple_entry_large_hall,
          serial_shops, kennysheep_mini, minmay_box_of_dots
D:5:      lemuel_round_altar, enter_ossuary_5, uniq_ijyb

Skill      XL: |  1  2  3  4  5  6 |
---------------+-------------------+-----
Dodging        | 2 3 |  3.2
Fire Magic     | 4 5 |  5.3
Conjurations   | 2 3 |  3.1
Stealth        | |  1.7
Spellcasting   | |  2.5

Action                   |  1- 3 |  4- 6 || total
-------------------------+-------+-------++-------
Melee: Dagger            |    43 |       ||    43
       Tailslap          |     7 |    15 ||    22
       Unarmed           |     2 |       ||     2
       Whip              |    14 |   190 ||   204
 Cast: Flame Tongue      |    44 |    47 ||    91
       Conjure Flame     |     1 |     1 ||     2
  Use: Potion            |       |     5 ||     5
       Scroll            |       |     5 ||     5
 Stab: Sleeping          |     1 |     1 ||     2
  Eat: Chunk             |     3 |     6 ||     9
       Bread ration      |       |     1 ||     1
Armor: Skin              |    26 |    87 ||   113
Dodge: Dodged            |    60 |   154 ||   214

Table legend:
 A = Spawn XP
 B = Non-spawn XP
 C = Spawn XP percentage of total XP
 D = Spawn monster count
 E = Non-spawn monster count
 F = Spawn count percentage of total count
 G = Total turns spent on level
                    A         B        C        D         E        F      G
               +---------+---------+-------+---------+---------+-------+---------
         Total |       0 |     480 |   0.0 |       0 |      72 |   0.0 |  5148
               +---------+---------+-------+---------+---------+-------+---------
           D:1 |       0 |      39 |   0.0 |       0 |      17 |   0.0 |  1156
           D:2 |       0 |      69 |   0.0 |       0 |      17 |   0.0 |  1021
           D:3 |       0 |     135 |   0.0 |       0 |      28 |   0.0 |  1658
           D:4 |       0 |     222 |   0.0 |       0 |       8 |   0.0 |  1284
           D:5 |       0 |      15 |   0.0 |       0 |       2 |   0.0 |    29
               +---------+---------+-------+---------+---------+-------+---------
